Chicoutimi Sagueneens vs Chicago Wolves

Created - 23 septembre 2019 at 15:21

Simulating a Pre-Season

Goals
1 2 3 T
Chicoutimi Sagueneens 2 3 1 6
Chicago Wolves 1 1 5 7
Shots
1 2 3 T
Chicoutimi Sagueneens 12 21 7 40
Chicago Wolves 10 8 15 33

1st period

1. Chicago Wolves , Mitchell Stephens 3 (C.J. Smith 2, Michael McNiven) at 9:10
2. Chicoutimi Sagueneens , Scott Wilson 1 (Jonas Siegenthaler 2, Nathan Beaulieu 1) at 14:36 (PP)
3. Chicoutimi Sagueneens , Gabriel Bourque 2 (Garnet Hathaway 2) at 16:42

Penalties :
Jonathan Racine (SAG) for Interference (Minor) at 5:12, Michael McNiven (WOL) for Slashing (Minor) at 14:20 - Calle Rosen served the penalty, Calle Rosen (WOL) for Tripping (Minor) at 16:51

2nd period

4. Chicoutimi Sagueneens , Scott Wilson 2 (Jakub Zboril 1) at 5:09
5. Chicoutimi Sagueneens , Spencer Foo 1 (Nathan Beaulieu 2, Miikka Salomaki 2) at 8:03
6. Chicoutimi Sagueneens , Miikka Salomaki 1 (Jacob de La Rose 2, Dylan Gambrell 2) at 10:50
7. Chicago Wolves , Saku Maenalanen 1 (Joel L'Esperance 1, Calle Rosen 2) at 19:44

Penalties :
Travis Morin (WOL) for Fighting (Major) at 6:45, Alex Lintuniemi (SAG) for Fighting (Major) at 6:45, Calle Rosen (WOL) for Fighting (Major) at 10:51, Garnet Hathaway (SAG) for Fighting (Major) at 10:51, Garnet Hathaway (SAG) for instigated a fight (Minor) at 10:51, Garnet Hathaway (SAG) for instigated and being the aggresor in a fight (20 Minutes Game Misconduct) at 10:51, Hudson Fasching (WOL) for Fighting (Major) at 13:28, Jakub Zboril (SAG) for Fighting (Major) at 13:28, Alex Lintuniemi (SAG) for Tripping (Minor) at 15:41

3rd period

8. Chicago Wolves , Mitchell Stephens 4 (Wayne Simpson 2, C.J. Smith 3) at 0:38
9. Chicago Wolves , Wayne Simpson 1 (Adam Johnson 1, Ian McCoshen 1) at 2:43 (SH)
10. Chicoutimi Sagueneens , Corey Tropp 1 (Rocco Grimaldi 1, Jacob de La Rose 3) at 5:45
11. Chicago Wolves , Hudson Fasching 2 (Calle Rosen 3, Adam Johnson 2) at 6:13
12. Chicago Wolves , Hudson Fasching 3 (Adam Johnson 3, Adam Helewka 2) at 7:04
13. Chicago Wolves , Hudson Fasching 4 (Adam Johnson 4) at 12:01

Penalties :
Lawrence Pilut (WOL) for Hooking (Minor) at 1:52

Goalie Stats

Anthony Stolarz (SAG), 26 saves from 33 shots - (0,788), L, 1-1-0, 59:08 minutes
Michael McNiven (WOL), 34 saves from 40 shots - (0,850), W, 1-0-1, 60:00 minutes

Players Stats for Chicoutimi Sagueneens

Player Name              G  A  P  +/- PIM S  H  SB GA TA FO     MP     PP MP  PK MP  
------------------------------------------------------------------------------------
Alex Lintuniemi          0  0  0  -4  7   0  1  1  0  0  0/0    17:10   1:27   0:35 
Corey Tropp              1  0  1  -1  0   5  1  0  1  0  0/0     9:04   0:00   0:00 
Dylan Gambrell           0  1  1  -2  0   5  0  1  1  1  10/24  17:45   0:57   1:39 
Gabriel Bourque          1  0  1   0  0   4  1  1  0  1  2/4    23:02   2:25   3:21 
Garnet Hathaway          0  1  1   2  27  2  2  0  1  0  5/20   11:22   1:23   1:21 
Jacob de La Rose         0  2  2  -1  0   2  0  0  0  0  4/8    19:19   1:46   2:27 
Jacob Nilsson            0  0  0   2  0   0  0  0  0  0  0/0    16:22   0:00   1:12 
Jakub Zboril             0  1  1  -3  5   3  1  0  0  0  0/0    16:14   1:27   0:59 
Jonas Siegenthaler       0  1  1   0  0   0  2  3  2  1  0/0    28:44   2:47   3:46 
Jonathan Racine          0  0  0   1  2   1  0  0  0  0  0/0    12:56   0:00   1:38 
Josh Jooris              0  0  0  -1  0   2  0  1  0  0  0/0     9:04   0:00   0:00 
Laurent Dauphin          0  0  0   0  0   0  2  0  0  1  1/7    12:26   0:00   2:15 
Miikka Salomaki          1  1  2  -1  0   2  1  1  0  1  0/0    15:41   1:46   0:00 
Mike Vecchione           0  0  0   0  0   3  2  0  1  0  0/0     9:59   0:11   0:06 
Nathan Beaulieu          0  2  2   0  0   0  1  1  1  0  0/0    28:44   2:47   3:46 
Rocco Grimaldi           0  1  1  -1  0   5  0  0  0  0  1/2     9:07   0:03   0:00 
Scott Wilson             2  0  2   0  0   4  4  2  0  0  0/1    21:23   2:25   0:51 
Spencer Foo              1  0  1  -1  0   2  0  0  0  0  0/0    15:44   1:46   0:00 

Players Stats for Chicago Wolves

Player Name              G  A  P  +/- PIM S  H  SB GA TA FO     MP     PP MP  PK MP  
------------------------------------------------------------------------------------
Aaron Ness               0  0  0  -2  0   0  0  2  0  0  0/0    12:39   2:12   0:00 
Adam Helewka             0  1  1   2  0   6  4  4  2  0  2/5    28:27   3:28   2:42 
Adam Johnson             0  4  4   4  0   4  0  1  0  0  27/39  19:21   3:26   1:20 
C.J. Smith               0  2  2   0  0   1  1  2  0  1  0/0    18:39   2:20   0:00 
Calle Rosen              0  2  2   4  7   4  1  0  0  1  0/0    23:19   1:13   1:34 
Cavan Fitzgerald         0  0  0   1  0   0  0  0  0  0  0/0     5:53   0:26   0:32 
Doyle Somerby            0  0  0  -2  0   0  0  0  0  1  0/0    10:56   0:00   1:31 
Hudson Fasching          3  0  3   2  5   7  2  0  1  0  2/3    25:11   2:16   2:45 
Ian McCoshen             0  1  1   4  0   1  1  1  0  0  0/0    28:06   3:27   3:12 
Joel L'Esperance         0  1  1  -1  0   0  1  0  0  1  3/5    11:26   0:29   0:00 
Lawrence Pilut           0  0  0  -1  2   0  0  1  0  1  0/0    17:10   2:18   0:37 
Mikhail Vorobyev         0  0  0   0  0   1  0  0  0  0  0/0     5:26   0:58   0:00 
Mitchell Stephens        2  0  2   0  0   2  1  2  0  0  5/9    18:42   2:20   0:00 
Morgan Klimchuk          0  0  0  -1  0   0  0  0  1  0  1/1     8:55   0:00   0:00 
Philippe Myers           0  0  0  -1  0   0  2  0  0  1  0/0    17:35   2:18   1:02 
Ryan Lindgren            0  0  0   1  0   0  0  0  0  0  0/0     4:42   0:00   0:00 
Saku Maenalanen          1  0  1  -1  0   3  0  1  0  0  0/0     9:08   0:00   0:00 
Travis Morin             0  0  0  -1  5   1  1  0  0  0  3/4     9:47   0:00   0:44 
Wayne Simpson            1  1  2   1  0   3  3  0  1  1  0/0    20:19   2:34   0:57 

3 Stars

1 - Adam Johnson (WOL)
2 - Hudson Fasching (WOL)
3 - Scott Wilson (SAG)

Power Play

Chicoutimi Sagueneens - 1 on 3 Attempt(s) - 33,33%
Chicago Wolves - 0 on 3 Attempt(s) - 0,00%

Penalty Kill

Chicoutimi Sagueneens - 3 on 3 Attempt(s) - 100,00% - Score 0 goal in Penalty Kill
Chicago Wolves - 2 on 3 Attempt(s) - 66,67% - Score 1 goal in Penalty Kill

Team Stat

Chicoutimi Sagueneens - Hits : 18 - Faceoff Wins : 23 - Blocked Shots : 11 - Penalty Minutes : 41
Chicago Wolves - Hits : 17 - Faceoff Wins : 43 - Blocked Shots : 14 - Penalty Minutes : 21

Official

Referees : Unknown
Linesman : Unknown

Game Notes

Travis Morin beats up Alex Lintuniemi at 6:45 of 2nd period
8:03 of 2nd period - Chicoutimi Sagueneens goal is going for a video replay. After video review, Goal.
Calle Rosen beats up Garnet Hathaway at 10:51 of 2nd period
Garnet Hathaway ejected from game at 10:51 of 2nd period
Jakub Zboril beats up Hudson Fasching at 13:28 of 2nd period
Hudson Fasching has scored a Hat Trick!

Chicoutimi Sagueneens

5 vs 5 Forward 
   Center                   Left Wing                Right Wing               Time % Phy DF OF 
 1 Garnet Hathaway          Gabriel Bourque          Scott Wilson             40     1   2  2  
 2 Jacob de La Rose         Miikka Salomaki          Spencer Foo              30     1   2  2  
 3 Dylan Gambrell           Laurent Dauphin          Mike Vecchione           20     1   2  2  
 4 Rocco Grimaldi           Corey Tropp              Josh Jooris              10     1   2  2  

5 vs 5 Defense 
   Defense                  Defense                                           Time % Phy DF OF 
 1 Jonas Siegenthaler       Nathan Beaulieu                                   40     1   2  2  
 2 Alex Lintuniemi          Jakub Zboril                                      30     1   2  2  
 3 Jacob Nilsson            Jonathan Racine                                   20     1   2  2  
 4 Jonas Siegenthaler       Nathan Beaulieu                                   10     1   2  2  

PowerPlay Forward 
   Center                   Left Wing                Right Wing               Time % Phy DF OF 
 1 Garnet Hathaway          Gabriel Bourque          Scott Wilson             60     1   2  2  
 2 Jacob de La Rose         Miikka Salomaki          Spencer Foo              40     1   2  2  

PowerPlay Defense
   Defense                  Defense                                           Time % Phy DF OF 
 1 Jonas Siegenthaler       Nathan Beaulieu                                   60     1   2  2  
 2 Alex Lintuniemi          Jakub Zboril                                      40     1   2  2  

Penalty Kill 4 Players Forward 
   Center                   Wing                     Time % Phy DF OF 
 1 Garnet Hathaway          Gabriel Bourque          60     1   2  2  
 2 Jacob de La Rose         Scott Wilson             40     1   2  2  

Penalty Kill 4 Players Defense
   Defense                  Defense                  Time % Phy DF OF 
 1 Jonas Siegenthaler       Nathan Beaulieu          60     1   2  2  
 2 Alex Lintuniemi          Jakub Zboril             40     1   2  2  

Penalty Kill - 3 Players Forward 
   Forward                                           Time % Phy DF OF 
 1 Garnet Hathaway                                   60     1   2  2  
 2 Gabriel Bourque                                   40     1   2  2  

Penalty Kill - 3 Players Defense
   Defense                  Defense                  Time % Phy DF OF 
 1 Jonas Siegenthaler       Nathan Beaulieu          60     1   2  2  
 2 Alex Lintuniemi          Jakub Zboril             40     1   2  2  

4 vs 4 Forward 
   Center                   Wing                     Time % Phy DF OF 
 1 Garnet Hathaway          Gabriel Bourque          60     1   2  2  
 2 Jacob de La Rose         Scott Wilson             40     1   2  2  

4 vs 4 Defense
   Defense                  Defense                  Time % Phy DF OF 
 1 Jonas Siegenthaler       Nathan Beaulieu          60     1   2  2  
 2 Alex Lintuniemi          Jakub Zboril             40     1   2  2  

Last Minutes Offensive
   Center                   Left Wing                Right Wing               Defense                  Defense                  
   Garnet Hathaway          Gabriel Bourque          Scott Wilson             Jonas Siegenthaler       Nathan Beaulieu          

Last Minutes Defensive
   Center                   Left Wing                Right Wing               Defense                  Defense                  
   Garnet Hathaway          Gabriel Bourque          Scott Wilson             Jonas Siegenthaler       Nathan Beaulieu          

Goaltenders
Starting : Anthony Stolarz          
Backup : Ville Husso              

Extra Forwards
Normal : Dylan Gambrell, Mike Vecchione, Laurent Dauphin - PP : Dylan Gambrell, Mike Vecchione - PK : Laurent Dauphin
Extra Defensemen
Normal : Jacob Nilsson, Jonathan Racine, Alex Lintuniemi - PP : Jacob Nilsson - PK : Jonathan Racine, Alex Lintuniemi
Penalty Shots
Garnet Hathaway, Gabriel Bourque, Jacob de La Rose, Scott Wilson, Dylan Gambrell

Scratches
Dylan Sikura (Healthy), Samuel Laberge (Healthy), Jonathan Ang (Healthy), Ludwig Bystrom (Healthy), Clark Bishop (Healthy)
Nolan Stevens (Healthy), Maxim Letunov (Healthy), Bokondji Imama (Healthy), Braden Christoffer (Healthy), Jeff Taylor (Healthy)
Zach Frye (Healthy), Pascal Laberge (Healthy), Kyle Clifford (Healthy)

Chicago Wolves

5 vs 5 Forward 
   Center                   Left Wing                Right Wing               Time % Phy DF OF 
 1 Adam Johnson             Adam Helewka             Hudson Fasching          40     1   2  2  
 2 Mitchell Stephens        C.J. Smith               Wayne Simpson            30     1   2  2  
 3 Joel L'Esperance         Saku Maenalanen          Adam Helewka             20     1   2  2  
 4 Travis Morin             Morgan Klimchuk          Hudson Fasching          10     1   2  2  

5 vs 5 Defense 
   Defense                  Defense                                           Time % Phy DF OF 
 1 Calle Rosen              Ian McCoshen                                      40     1   2  2  
 2 Philippe Myers           Lawrence Pilut                                    30     1   2  2  
 3 Aaron Ness               Doyle Somerby                                     20     1   2  2  
 4 Cavan Fitzgerald         Ryan Lindgren                                     10     1   2  2  

PowerPlay Forward 
   Center                   Left Wing                Right Wing               Time % Phy DF OF 
 1 Adam Johnson             Adam Helewka             Hudson Fasching          60     1   2  2  
 2 Mitchell Stephens        C.J. Smith               Wayne Simpson            40     1   2  2  

PowerPlay Defense
   Defense                  Defense                                           Time % Phy DF OF 
 1 Calle Rosen              Ian McCoshen                                      60     1   2  2  
 2 Philippe Myers           Lawrence Pilut                                    40     1   2  2  

Penalty Kill 4 Players Forward 
   Center                   Wing                     Time % Phy DF OF 
 1 Adam Helewka             Hudson Fasching          60     1   2  2  
 2 Wayne Simpson            Adam Johnson             40     1   2  2  

Penalty Kill 4 Players Defense
   Defense                  Defense                  Time % Phy DF OF 
 1 Calle Rosen              Ian McCoshen             60     1   2  2  
 2 Philippe Myers           Lawrence Pilut           40     1   2  2  

Penalty Kill - 3 Players Forward 
   Forward                                           Time % Phy DF OF 
 1 Adam Helewka                                      60     1   2  2  
 2 Hudson Fasching                                   40     1   2  2  

Penalty Kill - 3 Players Defense
   Defense                  Defense                  Time % Phy DF OF 
 1 Calle Rosen              Ian McCoshen             60     1   2  2  
 2 Philippe Myers           Lawrence Pilut           40     1   2  2  

4 vs 4 Forward 
   Center                   Wing                     Time % Phy DF OF 
 1 Adam Helewka             Hudson Fasching          60     1   2  2  
 2 Wayne Simpson            Adam Johnson             40     1   2  2  

4 vs 4 Defense
   Defense                  Defense                  Time % Phy DF OF 
 1 Calle Rosen              Ian McCoshen             60     1   2  2  
 2 Philippe Myers           Lawrence Pilut           40     1   2  2  

Last Minutes Offensive
   Center                   Left Wing                Right Wing               Defense                  Defense                  
   Adam Johnson             Adam Helewka             Hudson Fasching          Calle Rosen              Ian McCoshen             

Last Minutes Defensive
   Center                   Left Wing                Right Wing               Defense                  Defense                  
   Adam Johnson             Adam Helewka             Hudson Fasching          Calle Rosen              Ian McCoshen             

Goaltenders
Starting : Michael McNiven          
Backup : Dan Vladar               

Extra Forwards
Normal : Mikhail Vorobyev, Joel L'Esperance, Travis Morin - PP : Mikhail Vorobyev, Joel L'Esperance - PK : Travis Morin
Extra Defensemen
Normal : Aaron Ness, Doyle Somerby, Cavan Fitzgerald - PP : Aaron Ness - PK : Doyle Somerby, Cavan Fitzgerald
Penalty Shots
Adam Helewka, Hudson Fasching, Wayne Simpson, Adam Johnson, Mitchell Stephens

Scratches
Niklas Hansson (Healthy), Brent Pedersen (Healthy), Andrew Oglevie (Healthy), Matt Finn (Healthy)

% Time on Ice - Chicoutimi Sagueneens

Lines # - Real PCT - Wanted PCT - Time Play
Normal Forward
1 - 35% - 40% - 17:11
2 - 30% - 30% - 14:25
3 - 16% - 20% - 7:58
4 - 19% - 10% - 9:04
Normal Defense
1 - 41% - 40% - 19:43
2 - 32% - 30% - 15:36
3 - 22% - 20% - 10:51
4 - 5% - 10% - 2:28
PP Forward
1 - 58% - 60% - 2:28
2 - 42% - 40% - 1:46
PP Defense
1 - 66% - 60% - 2:47
2 - 34% - 40% - 1:27
PK Forward
1 - 88% - 60% - 5:15
2 - 12% - 40% - 0:42
PK Defense
1 - 63% - 60% - 3:46
2 - 37% - 40% - 2:11
PK3 Forward
1 - 0% - 60%
2 - 0% - 40%
PK3 Defense
1 - 0% - 60%
2 - 0% - 40%
44 Forward
1 - 0% - 60%
2 - 0% - 40%
44 Defense
1 - 0% - 60%
2 - 0% - 40%
Last Minute Offensive  - 1:11
Last Minute Defensive  - 0:00
Total
Forward - 60:00
Defense - 60:00

% Time on Ice - Chicago Wolves

Lines # - Real PCT - Wanted PCT - Time Play
Normal Forward
1 - 26% - 40% - 12:38
2 - 37% - 30% - 17:58
3 - 19% - 20% - 9:08
4 - 18% - 10% - 8:55
Normal Defense
1 - 42% - 40% - 20:17
2 - 29% - 30% - 14:15
3 - 19% - 20% - 9:25
4 - 10% - 10% - 4:42
PP Forward
1 - 61% - 60% - 3:37
2 - 39% - 40% - 2:20
PP Defense
1 - 61% - 60% - 3:39
2 - 39% - 40% - 2:18
PK Forward
1 - 78% - 60% - 3:17
2 - 22% - 40% - 0:57
PK Defense
1 - 76% - 60% - 3:12
2 - 24% - 40% - 1:02
PK3 Forward
1 - 0% - 60%
2 - 0% - 40%
PK3 Defense
1 - 0% - 60%
2 - 0% - 40%
44 Forward
1 - 0% - 60%
2 - 0% - 40%
44 Defense
1 - 0% - 60%
2 - 0% - 40%
Last Minute Offensive  - 0:00
Last Minute Defensive  - 1:10
Total
Forward - 60:00
Defense - 60:00

Play-by-Play

1st period


0:01 of 1st period - Adam Johnson wins face-off versus Garnet Hathaway in neutral zone.
0:10 of 1st period - Wrist shot by Adam Johnson.
0:10 of 1st period - Stopped by Anthony Stolarz with a rebound.
0:31 of 1st period - Philippe Myers is hit by Jonas Siegenthaler and loses puck.
0:50 of 1st period - Slapshot by Corey Tropp.
0:50 of 1st period - Shot Blocked by C.J. Smith.
2:03 of 1st period - Slapshot by Corey Tropp.
2:03 of 1st period - Shot Misses the Net.
2:05 of 1st period - Wrist shot by Rocco Grimaldi.
2:05 of 1st period - Shot Misses the Net.
2:07 of 1st period - Wrist shot by Josh Jooris.
2:07 of 1st period - Stopped by Michael McNiven without a rebound.
2:08 of 1st period - Joel L'Esperance wins face-off versus Rocco Grimaldi in Chicago Wolves zone.
2:08 of 1st period - Joel L'Esperance is hit by Jonas Siegenthaler.
2:22 of 1st period - Hudson Fasching is hit by Garnet Hathaway and loses puck.
2:31 of 1st period - Snap shot by Garnet Hathaway.
2:31 of 1st period - Deflect By Gabriel Bourque.
2:31 of 1st period - Stopped by Michael McNiven with a rebound.
2:45 of 1st period - Snap shot by C.J. Smith.
2:45 of 1st period - Shot Misses the Net.
2:53 of 1st period - Snap shot by C.J. Smith.
2:53 of 1st period - Shot Misses the Net.
3:07 of 1st period - Wrist shot by Dylan Gambrell.
3:07 of 1st period - Stopped by Michael McNiven without a rebound.
3:08 of 1st period - Joel L'Esperance wins face-off versus Dylan Gambrell in Chicago Wolves zone.
3:19 of 1st period - Snap shot by Mike Vecchione.
3:19 of 1st period - Stopped by Michael McNiven without a rebound.
3:20 of 1st period - Adam Johnson wins face-off versus Garnet Hathaway in Chicago Wolves zone.
3:31 of 1st period - Wrist shot by Hudson Fasching.
3:31 of 1st period - Stopped by Anthony Stolarz with a rebound.
3:45 of 1st period - Ian McCoshen is hit by Laurent Dauphin and loses puck.
4:05 of 1st period - Icing by Jonas Siegenthaler.
4:06 of 1st period - Travis Morin wins face-off versus Jacob de La Rose in Chicoutimi Sagueneens zone.
4:36 of 1st period - C.J. Smith is hit by Garnet Hathaway and loses puck.
5:12 of 1st period - Minor Penalty to Jonathan Racine for Interference.
5:13 of 1st period - Adam Johnson wins face-off versus Garnet Hathaway in Chicoutimi Sagueneens zone.
5:18 of 1st period - Wrist shot by Hudson Fasching.
5:18 of 1st period - Stopped by Anthony Stolarz with a rebound.
5:24 of 1st period - Snap shot by Adam Helewka.
5:24 of 1st period - Stopped by Anthony Stolarz with a rebound.
5:26 of 1st period - Snap shot by Hudson Fasching.
5:26 of 1st period - Deflect By Adam Johnson.
5:26 of 1st period - Shot Misses the Net.
5:26 of 1st period - Puck is out of play.
5:27 of 1st period - Adam Johnson wins face-off versus Garnet Hathaway in Chicoutimi Sagueneens zone.
5:40 of 1st period - Backhand shot by Hudson Fasching.
5:40 of 1st period - Shot Misses the Net.
5:42 of 1st period - Snap shot by Hudson Fasching.
5:42 of 1st period - Stopped by Anthony Stolarz without a rebound.
5:43 of 1st period - Garnet Hathaway wins face-off versus Mitchell Stephens in Chicoutimi Sagueneens zone.
6:15 of 1st period - Snap shot by Adam Helewka.
6:15 of 1st period - Deflect By Nathan Beaulieu.
6:15 of 1st period - Stopped by Anthony Stolarz with a rebound.
6:31 of 1st period - Garnet Hathaway is hit by Wayne Simpson and loses puck.
7:12 of 1st period - Penalty to Jonathan Racine is over, Jonathan Racine is back on ice.
8:33 of 1st period - Jonas Siegenthaler is hit by Hudson Fasching and loses puck.
8:48 of 1st period - Mike Vecchione is hit by Adam Helewka.
9:10 of 1st period - Snap shot by Mitchell Stephens.
9:10 of 1st period - Goal by Mitchell Stephens - Chicoutimi Sagueneens : 0 - Chicago Wolves : 1.
9:11 of 1st period - Garnet Hathaway wins face-off versus Adam Johnson in neutral zone.
9:14 of 1st period - Wrist shot by Gabriel Bourque.
9:14 of 1st period - Shot Misses the Net.
9:36 of 1st period - Jacob de La Rose is hit by C.J. Smith and loses puck.
9:48 of 1st period - Miikka Salomaki is hit by Wayne Simpson and loses puck.
10:18 of 1st period - Snap shot by Corey Tropp.
10:18 of 1st period - Shot Misses the Net.
10:20 of 1st period - Slapshot by Alex Lintuniemi.
10:20 of 1st period - Shot Misses the Net.
10:22 of 1st period - Slapshot by Jakub Zboril.
10:22 of 1st period - Stopped by Michael McNiven without a rebound.
10:23 of 1st period - Garnet Hathaway wins face-off versus Mitchell Stephens in Chicago Wolves zone.
10:26 of 1st period - Snap shot by Scott Wilson.
10:26 of 1st period - Shot Blocked by Mitchell Stephens.
10:55 of 1st period - Slapshot by Miikka Salomaki.
10:55 of 1st period - Deflect By Jacob de La Rose.
10:55 of 1st period - Deflect By Adam Helewka.
10:55 of 1st period - Shot Misses the Net.
10:55 of 1st period - Puck is out of play.
10:56 of 1st period - Jacob de La Rose wins face-off versus Adam Johnson in Chicago Wolves zone.
11:45 of 1st period - Adam Helewka is hit by Mike Vecchione and loses puck.
11:52 of 1st period - Jonathan Racine is hit by Joel L'Esperance and loses puck.
12:05 of 1st period - Snap shot by Dylan Gambrell.
12:05 of 1st period - Shot Blocked by Ian McCoshen.
12:37 of 1st period - Icing by Adam Johnson.
12:38 of 1st period - Adam Johnson wins face-off versus Garnet Hathaway in Chicago Wolves zone.
13:05 of 1st period - Mitchell Stephens is hit by Nathan Beaulieu and loses puck.
13:18 of 1st period - Wrist shot by Adam Helewka.
13:18 of 1st period - Shot Misses the Net.
13:26 of 1st period - Philippe Myers is hit by Jakub Zboril and loses puck.
13:43 of 1st period - Backhand shot by Hudson Fasching.
13:43 of 1st period - Shot Blocked by Gabriel Bourque.
14:14 of 1st period - Snap shot by Adam Helewka.
14:14 of 1st period - Stopped by Anthony Stolarz without a rebound.
14:15 of 1st period - Garnet Hathaway wins face-off versus Joel L'Esperance in Chicoutimi Sagueneens zone.
14:20 of 1st period - Wrist shot by Garnet Hathaway.
14:20 of 1st period - Stopped by Michael McNiven without a rebound.
14:20 of 1st period - Minor Penalty to Michael McNiven for Slashing.
14:21 of 1st period - Garnet Hathaway wins face-off versus Adam Helewka in Chicago Wolves zone.
14:30 of 1st period - Snap shot by Garnet Hathaway.
14:30 of 1st period - Stopped by Michael McNiven with a rebound.
14:32 of 1st period - Slapshot by Nathan Beaulieu.
14:32 of 1st period - Shot Misses the Net.
14:36 of 1st period - Slapshot by Scott Wilson.
14:36 of 1st period - Goal by Scott Wilson - Chicoutimi Sagueneens : 1 - Chicago Wolves : 1.
14:37 of 1st period - Adam Johnson wins face-off versus Garnet Hathaway in neutral zone.
14:43 of 1st period - Icing by Garnet Hathaway.
14:44 of 1st period - Adam Johnson wins face-off versus Garnet Hathaway in Chicoutimi Sagueneens zone.
14:51 of 1st period - Wrist shot by Garnet Hathaway.
14:51 of 1st period - Deflect By Gabriel Bourque.
14:51 of 1st period - Shot Misses the Net.
14:51 of 1st period - Puck is out of play.
14:52 of 1st period - Adam Johnson wins face-off versus Gabriel Bourque in Chicago Wolves zone.
14:52 of 1st period - Adam Johnson is hit by Gabriel Bourque.
15:02 of 1st period - Snap shot by Adam Helewka.
15:02 of 1st period - Shot Blocked by Scott Wilson.
15:08 of 1st period - Wrist shot by Adam Johnson.
15:08 of 1st period - Shot Misses the Net.
15:26 of 1st period - Slapshot by Adam Johnson.
15:26 of 1st period - Stopped by Anthony Stolarz without a rebound.
15:27 of 1st period - Mitchell Stephens wins face-off versus Dylan Gambrell in Chicoutimi Sagueneens zone.
16:21 of 1st period - Mitchell Stephens is hit by Laurent Dauphin and loses puck.
16:26 of 1st period - Snap shot by Dylan Gambrell.
16:26 of 1st period - Shot Blocked by C.J. Smith.
16:28 of 1st period - Snap shot by Mike Vecchione.
16:28 of 1st period - Stopped by Michael McNiven with a rebound.
16:30 of 1st period - Snap shot by Mike Vecchione.
16:30 of 1st period - Shot Misses the Net.
16:32 of 1st period - Snap shot by Mike Vecchione.
16:32 of 1st period - Stopped by Michael McNiven without a rebound.
16:33 of 1st period - Adam Johnson wins face-off versus Garnet Hathaway in Chicago Wolves zone.
16:42 of 1st period - Wrist shot by Gabriel Bourque.
16:42 of 1st period - Goal by Gabriel Bourque - Chicoutimi Sagueneens : 2 - Chicago Wolves : 1.
16:43 of 1st period - Adam Johnson wins face-off versus Garnet Hathaway in neutral zone.
16:51 of 1st period - Minor Penalty to Calle Rosen for Tripping.
16:52 of 1st period - Adam Helewka wins face-off versus Scott Wilson in Chicago Wolves zone.
17:04 of 1st period - Snap shot by Scott Wilson.
17:04 of 1st period - Stopped by Michael McNiven with a rebound.
18:51 of 1st period - Penalty to Calle Rosen is over, Calle Rosen is back on ice.
19:44 of 1st period - Wrist shot by Saku Maenalanen.
19:44 of 1st period - Stopped by Anthony Stolarz with a rebound.
Goals for this period are 2 for Chicoutimi Sagueneens vs 1 for Chicago Wolves.
Shots for this period are 12 for Chicoutimi Sagueneens vs 10 for Chicago Wolves.

2nd period


0:01 of 2nd period - Adam Johnson wins face-off versus Garnet Hathaway in neutral zone.
0:51 of 2nd period - Snap shot by Rocco Grimaldi.
0:51 of 2nd period - Stopped by Michael McNiven with a rebound.
0:53 of 2nd period - Wrist shot by Rocco Grimaldi.
0:53 of 2nd period - Shot Blocked by Adam Helewka.
0:55 of 2nd period - Wrist shot by Rocco Grimaldi.
0:55 of 2nd period - Stopped by Michael McNiven with a rebound.
0:57 of 2nd period - Wrist shot by Rocco Grimaldi.
0:57 of 2nd period - Stopped by Michael McNiven with a rebound.
0:59 of 2nd period - Slapshot by Jonathan Racine.
0:59 of 2nd period - Stopped by Michael McNiven with a rebound.
1:01 of 2nd period - Snap shot by Corey Tropp.
1:01 of 2nd period - Shot Blocked by Lawrence Pilut.
1:18 of 2nd period - Snap shot by Hudson Fasching.
1:18 of 2nd period - Stopped by Anthony Stolarz with a rebound.
1:20 of 2nd period - Snap shot by Travis Morin.
1:20 of 2nd period - Shot Misses the Net.
1:22 of 2nd period - Snap shot by Travis Morin.
1:22 of 2nd period - Stopped by Anthony Stolarz without a rebound.
1:23 of 2nd period - Jacob de La Rose wins face-off versus Mitchell Stephens in Chicoutimi Sagueneens zone.
1:49 of 2nd period - Miikka Salomaki is hit by Travis Morin and loses puck.
2:12 of 2nd period - Snap shot by Miikka Salomaki.
2:12 of 2nd period - Shot Misses the Net.
2:14 of 2nd period - Slapshot by Jacob de La Rose.
2:14 of 2nd period - Shot Blocked by Adam Helewka.
2:16 of 2nd period - Slapshot by Miikka Salomaki.
2:16 of 2nd period - Deflect By Jacob de La Rose.
2:16 of 2nd period - Stopped by Michael McNiven with a rebound.
2:18 of 2nd period - Snap shot by Jonas Siegenthaler.
2:18 of 2nd period - Deflect By Spencer Foo.
2:18 of 2nd period - Stopped by Michael McNiven with a rebound.
2:20 of 2nd period - Slapshot by Jacob de La Rose.
2:20 of 2nd period - Stopped by Michael McNiven with a rebound.
2:22 of 2nd period - Snap shot by Spencer Foo.
2:22 of 2nd period - Shot Misses the Net.
2:29 of 2nd period - Icing by Saku Maenalanen.
2:30 of 2nd period - Joel L'Esperance wins face-off versus Gabriel Bourque in Chicago Wolves zone.
2:55 of 2nd period - Calle Rosen is hit by Mike Vecchione and loses puck.
3:04 of 2nd period - Wrist shot by C.J. Smith.
3:04 of 2nd period - Shot Misses the Net.
3:22 of 2nd period - Snap shot by Corey Tropp.
3:22 of 2nd period - Shot Misses the Net.
3:24 of 2nd period - Snap shot by Corey Tropp.
3:24 of 2nd period - Stopped by Michael McNiven with a rebound.
3:40 of 2nd period - Garnet Hathaway is hit by Hudson Fasching and loses puck.
4:37 of 2nd period - Slapshot by Nathan Beaulieu.
4:37 of 2nd period - Deflect By Dylan Gambrell.
4:37 of 2nd period - Shot Misses the Net.
4:37 of 2nd period - Puck is out of play.
4:38 of 2nd period - Morgan Klimchuk wins face-off versus Dylan Gambrell in Chicago Wolves zone.
4:38 of 2nd period - Morgan Klimchuk is hit by Alex Lintuniemi.
5:04 of 2nd period - C.J. Smith is hit by Scott Wilson and loses puck.
5:09 of 2nd period - Snap shot by Scott Wilson.
5:09 of 2nd period - Goal by Scott Wilson - Chicoutimi Sagueneens : 3 - Chicago Wolves : 1.
5:10 of 2nd period - Adam Johnson wins face-off versus Garnet Hathaway in neutral zone.
5:15 of 2nd period - Wrist shot by Adam Johnson.
5:15 of 2nd period - Deflect By Adam Helewka.
5:15 of 2nd period - Stopped by Anthony Stolarz with a rebound.
5:17 of 2nd period - Snap shot by Adam Johnson.
5:17 of 2nd period - Shot Misses the Net.
5:19 of 2nd period - Slapshot by Philippe Myers.
5:19 of 2nd period - Shot Blocked by Scott Wilson.
5:21 of 2nd period - Snap shot by Adam Helewka.
5:21 of 2nd period - Shot Misses the Net.
5:23 of 2nd period - Wrist shot by Hudson Fasching.
5:23 of 2nd period - Shot Hit the Post.
6:01 of 2nd period - Wrist shot by Saku Maenalanen.
6:01 of 2nd period - Shot Misses the Net.
6:03 of 2nd period - Snap shot by Saku Maenalanen.
6:03 of 2nd period - Stopped by Anthony Stolarz without a rebound.
6:04 of 2nd period - Jacob de La Rose wins face-off versus Adam Johnson in Chicoutimi Sagueneens zone.
6:32 of 2nd period - Wrist shot by Corey Tropp.
6:32 of 2nd period - Stopped by Michael McNiven with a rebound.
6:36 of 2nd period - Snap shot by Rocco Grimaldi.
6:36 of 2nd period - Stopped by Michael McNiven with a rebound.
6:38 of 2nd period - Wrist shot by Josh Jooris.
6:38 of 2nd period - Shot Blocked by Mitchell Stephens.
6:40 of 2nd period - Snap shot by Josh Jooris.
6:40 of 2nd period - Stopped by Michael McNiven with a rebound.
6:45 of 2nd period - Travis Morin beats up Alex Lintuniemi.
6:45 of 2nd period - Penalty to Travis Morin for Fighting.
6:45 of 2nd period - Penalty to Alex Lintuniemi for Fighting.
6:46 of 2nd period - Adam Johnson wins face-off versus Garnet Hathaway in Chicago Wolves zone.
6:53 of 2nd period - Snap shot by Hudson Fasching.
6:53 of 2nd period - Shot Misses the Net.
6:55 of 2nd period - Wrist shot by Calle Rosen.
6:55 of 2nd period - Deflect By Scott Wilson.
6:55 of 2nd period - Stopped by Anthony Stolarz with a rebound.
7:35 of 2nd period - Spencer Foo is hit by Philippe Myers and loses puck.
7:50 of 2nd period - Miikka Salomaki is hit by Philippe Myers and loses puck.
7:59 of 2nd period - Slapshot by Spencer Foo.
7:59 of 2nd period - Shot Blocked by Saku Maenalanen.
8:01 of 2nd period - Slapshot by Nathan Beaulieu.
8:01 of 2nd period - Shot Blocked by Adam Helewka.
8:03 of 2nd period - Wrist shot by Spencer Foo.
8:03 of 2nd period - Chicoutimi Sagueneens goal is going for a video replay.
8:03 of 2nd period - The goal is good.
8:03 of 2nd period - Goal by Spencer Foo - Chicoutimi Sagueneens : 4 - Chicago Wolves : 1.
8:04 of 2nd period - Adam Johnson wins face-off versus Garnet Hathaway in neutral zone.
8:11 of 2nd period - Adam Johnson is hit by Scott Wilson and loses puck.
8:35 of 2nd period - Icing by Jacob Nilsson.
8:36 of 2nd period - Mitchell Stephens wins face-off versus Garnet Hathaway in Chicoutimi Sagueneens zone.
8:50 of 2nd period - Off-side.
8:51 of 2nd period - Adam Johnson wins face-off versus Jacob de La Rose in neutral zone.
9:18 of 2nd period - Dylan Gambrell is hit by Mitchell Stephens and loses puck.
9:37 of 2nd period - Snap shot by Corey Tropp.
9:37 of 2nd period - Shot Misses the Net.
10:50 of 2nd period - Snap shot by Miikka Salomaki.
10:50 of 2nd period - Goal by Miikka Salomaki - Chicoutimi Sagueneens : 5 - Chicago Wolves : 1.
10:51 of 2nd period - Adam Johnson wins face-off versus Garnet Hathaway in neutral zone.
10:51 of 2nd period - Calle Rosen beats up Garnet Hathaway.
10:51 of 2nd period - Penalty to Calle Rosen for Fighting.
10:51 of 2nd period - Penalty to Garnet Hathaway for Fighting.
10:51 of 2nd period - Penalty to Garnet Hathaway for instigated a fight.
10:51 of 2nd period - Penalty to Garnet Hathaway for instigated and being the aggresor in a fight.
10:51 of 2nd period - Garnet Hathaway is ejected from game.
10:52 of 2nd period - Adam Johnson wins face-off versus Laurent Dauphin in neutral zone.
11:45 of 2nd period - Penalty to Alex Lintuniemi is over, Alex Lintuniemi is back on ice.
12:51 of 2nd period - Penalty to Garnet Hathaway is over, Mike Vecchione is send on ice.
13:03 of 2nd period - Wrist shot by Rocco Grimaldi.
13:03 of 2nd period - Stopped by Michael McNiven without a rebound.
13:04 of 2nd period - Rocco Grimaldi wins face-off versus Joel L'Esperance in Chicago Wolves zone.
13:21 of 2nd period - Snap shot by Corey Tropp.
13:21 of 2nd period - Stopped by Michael McNiven with a rebound.
13:28 of 2nd period - Jakub Zboril beats up Hudson Fasching.
13:28 of 2nd period - Penalty to Hudson Fasching for Fighting.
13:28 of 2nd period - Penalty to Jakub Zboril for Fighting.
13:29 of 2nd period - Dylan Gambrell wins face-off versus Adam Johnson in neutral zone.
13:36 of 2nd period - Wrist shot by Scott Wilson.
13:36 of 2nd period - Shot Hit the Post.
13:38 of 2nd period - Snap shot by Gabriel Bourque.
13:38 of 2nd period - Shot Misses the Net.
13:40 of 2nd period - Wrist shot by Dylan Gambrell.
13:40 of 2nd period - Stopped by Michael McNiven with a rebound.
13:42 of 2nd period - Slapshot by Jacob Nilsson.
13:42 of 2nd period - Shot Blocked by Aaron Ness.
13:44 of 2nd period - Wrist shot by Dylan Gambrell.
13:44 of 2nd period - Shot Blocked by Aaron Ness.
14:54 of 2nd period - Snap shot by Dylan Gambrell.
14:54 of 2nd period - Stopped by Michael McNiven with a rebound.
14:56 of 2nd period - Snap shot by Laurent Dauphin.
14:56 of 2nd period - Shot Misses the Net.
14:58 of 2nd period - Slapshot by Dylan Gambrell.
14:58 of 2nd period - Deflect By Laurent Dauphin.
14:58 of 2nd period - Shot Hit the Post.
14:58 of 2nd period - Puck is out of play.
14:59 of 2nd period - Mitchell Stephens wins face-off versus Jacob de La Rose in Chicago Wolves zone.
15:13 of 2nd period - Wrist shot by Wayne Simpson.
15:13 of 2nd period - Stopped by Anthony Stolarz with a rebound.
15:15 of 2nd period - Slapshot by Ian McCoshen.
15:15 of 2nd period - Shot Blocked by Miikka Salomaki.
15:17 of 2nd period - Snap shot by Wayne Simpson.
15:17 of 2nd period - Shot Misses the Net.
15:19 of 2nd period - Backhand shot by Ian McCoshen.
15:19 of 2nd period - Deflect By Wayne Simpson.
15:19 of 2nd period - Shot Hit the Post.
15:19 of 2nd period - Puck is out of play.
15:20 of 2nd period - Dylan Gambrell wins face-off versus Adam Johnson in Chicoutimi Sagueneens zone.
15:41 of 2nd period - Minor Penalty to Alex Lintuniemi for Tripping.
15:42 of 2nd period - Adam Johnson wins face-off versus Laurent Dauphin in Chicoutimi Sagueneens zone.
15:43 of 2nd period - Wrist shot by Adam Helewka.
15:43 of 2nd period - Shot Blocked by Jonas Siegenthaler.
15:51 of 2nd period - Penalty to Garnet Hathaway is over, Mike Vecchione is send on ice.
16:06 of 2nd period - Icing by Adam Helewka.
16:07 of 2nd period - Laurent Dauphin wins face-off versus Adam Johnson in Chicago Wolves zone.
16:37 of 2nd period - Slapshot by Ian McCoshen.
16:37 of 2nd period - Deflect By Mikhail Vorobyev.
16:37 of 2nd period - Stopped by Anthony Stolarz with a rebound.
16:55 of 2nd period - Slapshot by Philippe Myers.
16:55 of 2nd period - Shot Blocked by Dylan Gambrell.
17:31 of 2nd period - Dylan Gambrell is hit by Adam Helewka and loses puck.
17:41 of 2nd period - Penalty to Alex Lintuniemi is over, Alex Lintuniemi is back on ice.
18:08 of 2nd period - Snap shot by Corey Tropp.
18:08 of 2nd period - Stopped by Michael McNiven without a rebound.
18:09 of 2nd period - Jacob de La Rose wins face-off versus Travis Morin in Chicago Wolves zone.
18:34 of 2nd period - Snap shot by Hudson Fasching.
18:34 of 2nd period - Shot Misses the Net.
18:41 of 2nd period - Icing by Philippe Myers.
18:42 of 2nd period - Dylan Gambrell wins face-off versus Adam Johnson in Chicago Wolves zone.
18:49 of 2nd period - Slapshot by Gabriel Bourque.
18:49 of 2nd period - Shot Misses the Net.
18:51 of 2nd period - Wrist shot by Gabriel Bourque.
18:51 of 2nd period - Stopped by Michael McNiven with a rebound.
18:53 of 2nd period - Snap shot by Gabriel Bourque.
18:53 of 2nd period - Stopped by Michael McNiven without a rebound.
18:54 of 2nd period - Mitchell Stephens wins face-off versus Dylan Gambrell in Chicago Wolves zone.
19:01 of 2nd period - Jonas Siegenthaler is hit by Wayne Simpson and loses puck.
19:44 of 2nd period - Snap shot by Saku Maenalanen.
19:44 of 2nd period - Goal by Saku Maenalanen - Chicoutimi Sagueneens : 5 - Chicago Wolves : 2.
19:45 of 2nd period - Adam Johnson wins face-off versus Dylan Gambrell in neutral zone.
19:47 of 2nd period - Off-side.
19:48 of 2nd period - Dylan Gambrell wins face-off versus Adam Johnson in neutral zone.
19:50 of 2nd period - Off-side.
19:51 of 2nd period - Dylan Gambrell wins face-off versus Adam Johnson in neutral zone.
Goals for this period are 3 for Chicoutimi Sagueneens vs 1 for Chicago Wolves.
Shots for this period are 21 for Chicoutimi Sagueneens vs 8 for Chicago Wolves.

3rd period


0:01 of 3rd period - Adam Johnson wins face-off versus Dylan Gambrell in neutral zone.
0:04 of 3rd period - Wrist shot by Adam Helewka.
0:04 of 3rd period - Stopped by Anthony Stolarz without a rebound.
0:05 of 3rd period - Adam Johnson wins face-off versus Dylan Gambrell in Chicoutimi Sagueneens zone.
0:18 of 3rd period - Backhand shot by Dylan Gambrell.
0:18 of 3rd period - Shot Blocked by Adam Johnson.
0:38 of 3rd period - Slapshot by Mitchell Stephens.
0:38 of 3rd period - Goal by Mitchell Stephens - Chicoutimi Sagueneens : 5 - Chicago Wolves : 3.
0:39 of 3rd period - Adam Johnson wins face-off versus Dylan Gambrell in neutral zone.
0:42 of 3rd period - Slapshot by Calle Rosen.
0:42 of 3rd period - Stopped by Anthony Stolarz with a rebound.
0:44 of 3rd period - Slapshot by Calle Rosen.
0:44 of 3rd period - Stopped by Anthony Stolarz with a rebound.
0:46 of 3rd period - Slapshot by Calle Rosen.
0:46 of 3rd period - Shot Misses the Net.
0:48 of 3rd period - Slapshot by Hudson Fasching.
0:48 of 3rd period - Shot Misses the Net.
0:50 of 3rd period - Wrist shot by Ian McCoshen.
0:50 of 3rd period - Stopped by Anthony Stolarz without a rebound.
0:51 of 3rd period - Gabriel Bourque wins face-off versus Adam Johnson in Chicoutimi Sagueneens zone.
0:51 of 3rd period - Gabriel Bourque is hit by Adam Helewka.
1:52 of 3rd period - Minor Penalty to Lawrence Pilut for Hooking.
1:53 of 3rd period - Dylan Gambrell wins face-off versus Adam Helewka in Chicago Wolves zone.
2:43 of 3rd period - Slapshot by Wayne Simpson.
2:43 of 3rd period - Goal by Wayne Simpson - Chicoutimi Sagueneens : 5 - Chicago Wolves : 4.
2:44 of 3rd period - Adam Helewka wins face-off versus Dylan Gambrell in neutral zone.
3:52 of 3rd period - Penalty to Lawrence Pilut is over, Lawrence Pilut is back on ice.
3:58 of 3rd period - Snap shot by Mitchell Stephens.
3:58 of 3rd period - Shot Misses the Net.
4:00 of 3rd period - Slapshot by Ian McCoshen.
4:00 of 3rd period - Shot Misses the Net.
4:02 of 3rd period - Slapshot by Calle Rosen.
4:02 of 3rd period - Shot Blocked by Josh Jooris.
4:04 of 3rd period - Backhand shot by C.J. Smith.
4:04 of 3rd period - Stopped by Anthony Stolarz with a rebound.
4:12 of 3rd period - Corey Tropp is hit by Ian McCoshen and loses puck.
5:01 of 3rd period - Joel L'Esperance is hit by Scott Wilson and loses puck.
5:43 of 3rd period - Slapshot by Rocco Grimaldi.
5:43 of 3rd period - Shot Misses the Net.
5:45 of 3rd period - Wrist shot by Corey Tropp.
5:45 of 3rd period - Goal by Corey Tropp - Chicoutimi Sagueneens : 6 - Chicago Wolves : 4.
5:46 of 3rd period - Hudson Fasching wins face-off versus Dylan Gambrell in neutral zone.
5:49 of 3rd period - Wrist shot by Adam Johnson.
5:49 of 3rd period - Shot Misses the Net.
5:51 of 3rd period - 10 Minutes Misconduct Penalty to Garnet Hathaway is over.
5:51 of 3rd period - Snap shot by Hudson Fasching.
5:51 of 3rd period - Shot Blocked by Nathan Beaulieu.
5:53 of 3rd period - Slapshot by Ian McCoshen.
5:53 of 3rd period - Shot Blocked by Jonas Siegenthaler.
5:55 of 3rd period - Snap shot by Adam Johnson.
5:55 of 3rd period - Deflect By Hudson Fasching.
5:55 of 3rd period - Shot Misses the Net.
5:55 of 3rd period - Puck is out of play.
5:56 of 3rd period - Dylan Gambrell wins face-off versus Adam Helewka in Chicoutimi Sagueneens zone.
6:05 of 3rd period - Snap shot by Adam Johnson.
6:05 of 3rd period - Stopped by Anthony Stolarz with a rebound.
6:07 of 3rd period - Slapshot by Calle Rosen.
6:07 of 3rd period - Stopped by Anthony Stolarz with a rebound.
6:11 of 3rd period - Snap shot by Hudson Fasching.
6:11 of 3rd period - Shot Blocked by Jonas Siegenthaler.
6:13 of 3rd period - Wrist shot by Hudson Fasching.
6:13 of 3rd period - Goal by Hudson Fasching - Chicoutimi Sagueneens : 6 - Chicago Wolves : 5.
6:14 of 3rd period - Hudson Fasching wins face-off versus Dylan Gambrell in neutral zone.
6:25 of 3rd period - Wrist shot by Adam Helewka.
6:25 of 3rd period - Shot Misses the Net.
6:43 of 3rd period - Slapshot by Nathan Beaulieu.
6:43 of 3rd period - Shot Misses the Net.
6:49 of 3rd period - Slapshot by Miikka Salomaki.
6:49 of 3rd period - Stopped by Michael McNiven without a rebound.
6:50 of 3rd period - Adam Johnson wins face-off versus Jacob de La Rose in Chicago Wolves zone.
6:50 of 3rd period - Adam Johnson is hit by Miikka Salomaki.
6:58 of 3rd period - Snap shot by Adam Helewka.
6:58 of 3rd period - Stopped by Anthony Stolarz with a rebound.
7:00 of 3rd period - Snap shot by Hudson Fasching.
7:00 of 3rd period - Shot Blocked by Alex Lintuniemi.
7:02 of 3rd period - Snap shot by Adam Johnson.
7:02 of 3rd period - Stopped by Anthony Stolarz with a rebound.
7:04 of 3rd period - Snap shot by Hudson Fasching.
7:04 of 3rd period - Goal by Hudson Fasching - Chicoutimi Sagueneens : 6 - Chicago Wolves : 6.
7:05 of 3rd period - Dylan Gambrell wins face-off versus Hudson Fasching in neutral zone.
7:16 of 3rd period - Slapshot by Scott Wilson.
7:16 of 3rd period - Shot Misses the Net.
7:18 of 3rd period - Snap shot by Dylan Gambrell.
7:18 of 3rd period - Shot Misses the Net.
7:20 of 3rd period - Slapshot by Gabriel Bourque.
7:20 of 3rd period - Deflect By Dylan Gambrell.
7:20 of 3rd period - Stopped by Michael McNiven with a rebound.
7:39 of 3rd period - Slapshot by Alex Lintuniemi.
7:39 of 3rd period - Shot Blocked by Adam Helewka.
7:41 of 3rd period - Slapshot by Jakub Zboril.
7:41 of 3rd period - Stopped by Michael McNiven without a rebound.
7:42 of 3rd period - Dylan Gambrell wins face-off versus Mitchell Stephens in Chicago Wolves zone.
7:55 of 3rd period - Snap shot by Dylan Gambrell.
7:55 of 3rd period - Stopped by Michael McNiven with a rebound.
8:07 of 3rd period - Miikka Salomaki is hit by Adam Helewka and loses puck.
9:11 of 3rd period - Slapshot by Scott Wilson.
9:11 of 3rd period - Stopped by Michael McNiven without a rebound.
9:12 of 3rd period - Mitchell Stephens wins face-off versus Dylan Gambrell in Chicago Wolves zone.
10:00 of 3rd period - Wrist shot by Philippe Myers.
10:00 of 3rd period - Shot Misses the Net.
10:34 of 3rd period - Wayne Simpson is hit by Corey Tropp and loses puck.
11:14 of 3rd period - Snap shot by Gabriel Bourque.
11:14 of 3rd period - Deflect By Dylan Gambrell.
11:14 of 3rd period - Shot Misses the Net.
11:14 of 3rd period - Puck is out of play.
11:15 of 3rd period - Travis Morin wins face-off versus Dylan Gambrell in Chicago Wolves zone.
11:45 of 3rd period - Snap shot by Wayne Simpson.
11:45 of 3rd period - Stopped by Anthony Stolarz with a rebound.
11:47 of 3rd period - Slapshot by Doyle Somerby.
11:47 of 3rd period - Deflect By Mitchell Stephens.
11:47 of 3rd period - Shot Misses the Net.
11:47 of 3rd period - Puck is out of play.
11:48 of 3rd period - Gabriel Bourque wins face-off versus Adam Johnson in Chicoutimi Sagueneens zone.
11:53 of 3rd period - Slapshot by Jakub Zboril.
11:53 of 3rd period - Stopped by Michael McNiven with a rebound.
12:01 of 3rd period - Snap shot by Hudson Fasching.
12:01 of 3rd period - Goal by Hudson Fasching - Chicoutimi Sagueneens : 6 - Chicago Wolves : 7.
12:02 of 3rd period - Dylan Gambrell wins face-off versus Adam Johnson in neutral zone.
14:35 of 3rd period - Spencer Foo is hit by Calle Rosen and loses puck.
14:43 of 3rd period - Icing by Jacob Nilsson.
14:44 of 3rd period - Travis Morin wins face-off versus Dylan Gambrell in Chicoutimi Sagueneens zone.
18:56 of 3rd period - Icing by Calle Rosen.
18:57 of 3rd period - Adam Johnson wins face-off versus Laurent Dauphin in Chicago Wolves zone.
19:08 of 3rd period - Chicoutimi Sagueneens, Anthony Stolarz is pulled from the net.
19:29 of 3rd period - Icing by Calle Rosen.
19:30 of 3rd period - Adam Johnson wins face-off versus Laurent Dauphin in Chicago Wolves zone.
19:30 of 3rd period - Adam Johnson is hit by Scott Wilson.
19:48 of 3rd period - Snap shot by Scott Wilson.
19:48 of 3rd period - Deflect By Laurent Dauphin.
19:48 of 3rd period - Shot Misses the Net.
19:48 of 3rd period - Puck is out of play.
19:49 of 3rd period - Alain Nasreddine call a timeout for Chicoutimi Sagueneens.
19:49 of 3rd period - Adam Johnson wins face-off versus Laurent Dauphin in Chicago Wolves zone.
19:53 of 3rd period - Off-side.
19:54 of 3rd period - Adam Johnson wins face-off versus Laurent Dauphin in neutral zone.
Goals for this period are 1 for Chicoutimi Sagueneens vs 5 for Chicago Wolves.
Shots for this period are 7 for Chicoutimi Sagueneens vs 15 for Chicago Wolves.